 Dungeon Crawl Stone Soup version 0.29-a0-885-gb26ba3297d (webtiles) character file.

Game seed: 16916056342196625334

23 jimonade the Cutter (level 2, 0/17 HPs)
             Began as a Vampire Gladiator on July 21, 2022.
             Killed from afar by Natasha (2 damage)
             ... with a magic dart
             ... on level 2 of the Dungeon.
             The game lasted 00:01:42 (1176 turns).

jimonade the Cutter (Vampire Gladiator)             Turns: 1176, Time: 00:01:43

Health: 0/17       AC:  4    Str: 13    XL:     2   Next: 72%
Magic:  2/2        EV: 13    Int: 10    God:
Gold:   73         SH:  0    Dex: 15    Spells: 1/1 levels left

rFire   + . .      SeeInvis +   a - +0 rapier
rCold   + + .      Faith    .   (no shield)
rNeg    + + +      Spirit   .   b - +0 leather armour
rPois   ∞          Reflect  .   c - +0 helmet
rElec   .          Harm     .   (no cloak)
rCorr   .          Rampage  .   (no gloves)
Will    .....                   (no boots)
Stlth   ++++......              (no amulet)
HPRegen 0.00/turn               j - ring of flight
MPRegen 0.08/turn               k - ring of protection from fire

@: flying, bloodless, inhibited regen
A: bloodless, fangs 3, see invisible, vampiric 1
a: Revivify


You were on level 2 of the Dungeon.
You visited 1 branch of the dungeon, and saw 2 of its levels.

You collected 73 gold pieces.

Inventory:

Hand Weapons
 a - a +0 rapier (weapon)
Missiles
 d - 3 throwing nets (quivered)
 e - a javelin
Armour
 b - a +0 leather armour (worn)
 c - a +0 helmet (worn)
Jewellery
 j - a ring of flight (left hand)
 k - a ring of protection from fire (right hand)
Scrolls
 f - a scroll of blinking {unknown}
 g - a scroll of teleportation {unknown}
 i - a scroll of identify {unknown}
Potions
 h - a potion of flight {unknown}
 l - a potion of degeneration {unknown}


   Skills:
 + Level 1.8 Fighting
 + Level 3.8 Short Blades
 - Level 1.5 Throwing
 + Level 3.6 Dodging
 * Level 2.1 Stealth


You had one spell level left.
You didn't know any spells.
Your spell library contained the following spells:

 Spells                   Type           Power      Damage    Failure   Level
 Freeze                   Ice            0%         1d3       43%         1
 Frozen Ramparts          Ice            0%         1d2       82%         3
 Hailstorm                Conj/Ice       0%         3d3       99%         4


Dungeon Overview and Level Annotations

Branches:
Dungeon (2/15)

Altars:

Annotations:
D:2 Natasha


Innate Abilities, Weirdness & Mutations

You do not regenerate when monsters are visible.
You are frail without blood (-20% HP).
You can heal yourself when you bite living creatures.
You are immune to poison.
You have razor-sharp teeth.
You have supernaturally acute eyesight. (SInv)
You are afflicted with vampirism.


Message History

You hit Natasha. You punch Natasha, but do no damage.
Natasha is severely wounded.
Natasha claws you but does no damage. The crimson imp closely misses you.
You barely miss Natasha.
Natasha is severely wounded.
Natasha misses you. The crimson imp closely misses you.
You barely miss Natasha. You bite Natasha, but do no damage.
Natasha is severely wounded.
Natasha howls an incantation.
Natasha shimmers violently.
Natasha claws you.
The crimson imp sputters.
The crimson imp hits you.
You hit Natasha.
Natasha is severely wounded.
Natasha barely misses you.
The crimson imp shouts, "Slither hence, thou jarring swag-bellied pignut!"
The crimson imp hits you but does no damage.
You hit Natasha but do no damage.
Natasha is severely wounded.
Natasha mumbles some strange words.
The crimson imp closely misses you.
You miss Natasha.
Natasha is severely wounded.
Natasha misses you.
The crimson imp hits you but does no damage. x2
You miss Natasha.
Natasha is severely wounded.
Natasha closely misses you. The crimson imp misses you. x2
You closely miss Natasha.
Natasha is severely wounded.
Natasha claws you.
* * * LOW HITPOINT WARNING * * *
The crimson imp blinks!
The crimson imp hits you.
* * * LOW HITPOINT WARNING * * *
You hit Natasha but do no damage.
Natasha is severely wounded.
Natasha stares at you and mumbles some strange words.
The magic dart hits you.
You die...

#.###.# #.. ##.#
.###...#
#..###.....#
#.......# ####..#.#
##..#.# ##.....#
####..##....#
#h@5.## #.#?..
........§..........
.##...5#...........
....###............
... ..........$..
.. ##......... .
#.........
#.........


You could see Natasha and 2 crimson imps.

Vanquished Creatures
  2 bats
  3 endoplasms (D:1)
  2 giant cockroaches
  2 goblins (D:1)
  A hobgoblin (D:1)
  A kobold (D:1)
  2 quokkas (D:2)
  3 frilled lizards (D:1)
  4 rats (D:1)
20 creatures vanquished.

Notes
Turn   | Place    | Note
-------+----------+-------------------------------------------
     0 | D:1      | jimonade the Vampire Gladiator began the quest for the Orb.
     0 | D:1      | Reached XP level 1. HP: 16/16 MP: 1/1
   265 | D:1      | Found a faded altar of an unknown god.
   271 | D:1      | Reached skill level 1 in Stealth
   271 | D:1      | Reached XP level 2. HP: 22/22 MP: 2/2
  1161 | D:2      | Noticed Natasha
  1166 | D:2      | Noticed a crimson imp
  1173 | D:2      | Noticed a crimson imp
  1176 | D:2      | Killed from afar by Natasha

Illustrated notes

Levels and vault maps discovered:
D:1:      dpeg_arrival_oval, layout_basic, serial_forest,
          infiniplex_forest_clump_double, infiniplex_forest_end_2,
          infiniplex_forest_corner_1, infiniplex_forest_split,
          infiniplex_forest_straight_2, infiniplex_forest_clump_large,
          infiniplex_forest_straight_1, basic_ecumenical_altar,
          minmay_misc_feat_secret_circle
D:2:      layout_rooms, kennysheep_generic_room_16, uniq_robin, uniq_natasha

Skill      XL: |  1  2 |
---------------+-------+-----
Stealth        | 1 2 |  2.1
Fighting       | |  1.8
Short Blades   | |  3.8
Throwing       | |  1.5
Dodging        | |  3.6

Action                   || total
-------------------------++-------
Melee: Rapier            ||    59
       Punch             ||     2
       Bite              ||     2
 Abil: Exsanguinate      ||     1
 Stab: Sleeping          ||     6
Armor: Leather armour    ||    14
Dodge: Dodged            ||    33

Table legend: (Time is in decaauts)
 A = Elapsed time spent in this place.
 B = Non-inter-level travel time spent in this place.
 C = Inter-level travel time spent in this place.
 D = Time resting spent in this place.
 E = Time spent auto-exploring this place.
 F = Levels seen in this place.
 G = Mean time per level.
                   A        B        C        D        E       F      G
               +--------+--------+--------+--------+--------+-----+--------+
         Total |   1176 |   1073 |    103 |      0 |    902 |   2 |  588.0 |
       Dungeon |   1176 |   1073 |    103 |      0 |    902 |   2 |  588.0 |
               +--------+--------+--------+--------+--------+-----+--------+

Top non-repeatable levels by time:
     D:1: 1121 daAuts
     D:2: 54 daAuts
